Map: Base du roi Sejong EC

Players

zidar

  • Race: Zerg Zerg
  • League: Platinum
  • Spawn Location: 11:00

Hyuk - Winner!

  • Race: Protoss Protoss
  • League: Platinum
  • Spawn Location: 5:00

VOD

Have the link to the VOD?

Description

Time

  • Played on: Nov. 4, 2016, 12:31 p.m.
  • Length: 9:10
Show
View Real Time Build Order
Export as new Build Order

zidar Zerg 

Build Orders: Hatch First 

Get SALT Encoding   

  12  0:01  Drone  
  13  0:12  Overlord  
  13  0:18  Drone  
  14  0:31  Drone x2  
  16  0:52  Hatchery  
  15  1:32  Spawning Pool  
  14  1:34  Extractor  
  14  1:37  Spawning Pool  
  13  1:52  Drone x3  
  15  2:03  Drone  
  16  2:26  Overlord  
  16  2:29  Queen x2  
  18  2:33  Metabolic Boost  
  20  2:46  Zergling x6  
  23  2:57  Evolution Chamber  
  22  3:01  Drone x2  
  22  3:04  Drone  
  25  3:28  Extractor, Baneling Nest  
  25  3:29  Drone x3  
  25  3:31  Drone  
  27  3:35  Drone  
  28  3:43  Pneumatized Carapace  
  28  3:48  Drone  
  28  3:51  Drone  
  33  4:17  Drone x6  
  33  4:20  Lair  
  36  4:25  Overlord  
  36  4:36  Baneling x4  
  36  4:55  Extractor  
  36  4:57  Drone x3  
  36  4:58  Drone x6  
  36  4:59  Extractor  
  43  5:02  Zerg Melee Weapons Level 1  
  43  5:24  Evolution Chamber  
  42  5:30  Drone x2  
  42  5:32  Overlord  
  42  5:33  Overlord x3  
  44  5:46  Centrifical Hooks  
  42  6:03  Zergling x20  
  52  6:12  Zerg Ground Armor Level 1  
  52  6:18  Baneling  
  52  6:19  Baneling  
  52  6:23  Baneling x8  
  52  6:32  Queen  
  52  6:33  Infestation Pit  
  53  6:51  Drone x11  
  64  7:11  Hatchery  
  63  7:20  Extractor  
  62  7:25  Hive  
  62  7:30  Spire  
  62  7:33  Hatchery  
  60  7:57  Zergling x2  
  60  7:58  Zergling x14  
  58  8:33  Zergling x22  
  58  8:48  Zergling x2  
  58  8:49  Zergling x8  
Show
View Real Time Build Order
Export as new Build Order

Hyuk Protoss - Winner!

Build Orders: Double Forge, Forge Fast Expand (FFE) 

Get SALT Encoding   

  12  0:01  Probe (Chrono Boost)  
  13  0:11  Probe (Chrono Boost)  
  14  0:20  Pylon  
  14  0:22  Probe (Chrono Boost)  
  15  0:38  Probe (Chrono Boost)  
  15  0:40  Forge  
  16  0:49  Probe (Chrono Boost)  
  17  0:57  Pylon  
  17  0:59  Probe (Chrono Boost)  
  18  1:10  Probe (Chrono Boost)  
  19  1:20  Probe (Chrono Boost)  
  19  1:32  Nexus  
  19  1:40  Probe (Chrono Boost)  
  20  1:50  Photon Cannon  
  20  1:52  Probe (Chrono Boost)  
  21  1:58  Gateway  
  21  2:04  Probe (Chrono Boost), Pylon  
  22  2:11  Assimilator  
  22  2:17  Assimilator  
  22  2:20  Probe (Chrono Boost)  
  23  2:29  Pylon  
  23  2:32  Probe (Chrono Boost)  
  24  2:46  Cybernetics Core  
  24  2:47  Probe (Chrono Boost)  
  24  2:50  Probe (Chrono Boost)  
  26  2:58  Probe (Chrono Boost)  
  27  3:06  Probe (Chrono Boost), Zealot  
  27  3:09  Protoss Ground Weapons Level 1  
  30  3:14  Probe (Chrono Boost)  
  30  3:16  Probe (Chrono Boost)  
  32  3:23  Warp Gate  
  32  3:26  Probe (Chrono Boost)  
  35  3:27  Mothership Core (Chrono Boost)  
  35  3:30  Assimilator  
  35  3:42  Probe (Chrono Boost)  
  35  3:45  Probe (Chrono Boost)  
  37  3:48  Robotics Facility  
  37  3:54  Probe (Chrono Boost)  
  37  3:55  Assimilator  
  38  3:56  Probe (Chrono Boost)  
  38  4:00  Sentry  
  41  4:07  Probe x2 (Chrono Boost)  
  41  4:08  Forge  
  43  4:17  Pylon  
  43  4:18  Probe x2 (Chrono Boost)  
  45  4:29  Gateway, Probe (Chrono Boost)  
  45  4:31  Gateway, Probe (Chrono Boost)  
  46  4:34  Sentry  
  49  4:41  Protoss Ground Armor Level 1 (Chrono Boost)  
  49  4:43  Probe x2 (Chrono Boost)  
  51  4:52  Immortal (Chrono Boost)  
  55  5:01  Probe x2  
  55  5:07  Pylon  
  57  5:11  Pylon  
  57  5:17  Twilight Council  
  57  5:23  Immortal (Chrono Boost), Pylon  
  61  5:37  Sentry x2  
  61  5:39  Sentry  
  67  5:48  Gateway  
  67  5:49  Gateway  
  67  5:51  Gateway  
  67  5:53  Probe x2  
  61  6:04  Immortal  
  61  6:05  Probe x2  
  61  6:08  Blink  
  67  6:11  Protoss Ground Weapons Level 2 (Chrono Boost)  
  67  6:24  Pylon  
  67  6:45  Stalker  
  67  6:46  Stalker x2  
  73  6:50  Stalker  
  73  6:51  Stalker x2  
  83  6:54  Immortal  
  83  7:00  Probe x2  
  85  7:05  Pylon  
  85  7:12  Stalker x2  
  89  7:19  Stalker  
  89  7:20  Stalker  
  93  7:32  Pylon  
  93  7:37  Pylon x2  
  93  7:51  Pylon  
  93  7:57  Stalker x4  
  101  8:12  Probe x2  
  95  8:24  Probe  
  94  8:37  Zealot x2  
  94  8:38  Zealot x4  
Tags
 
Add a new tag
Caveats
  • Supply blocks, unpowered buildings, or Contaminate may cause inaccurate times.
  • Supply counts are checked every 10 seconds.